 Dungeon Crawl Stone Soup version 0.23.2-1-ga50397a (webtiles) character file.

Game seed: 1093705685112618574

112 Aske the Ruffian (level 4, -2/40 HPs)
             Began as a Ghoul Monk on May 3, 2019.
             Slain by a centaur (4 damage)
             ... on level 3 of the Dungeon.
             The game lasted 00:02:24 (1609 turns).

Aske the Ruffian (Ghoul Monk)                       Turns: 1609, Time: 00:02:25

Health: -2/40      AC:  3    Str: 19    XL:     4   Next: 95%
Magic:  3/3        EV: 13    Int:  5    God:
Gold:   159        SH:  0    Dex: 12    Spells: 3/3 levels left

rFire    . . .     SeeInvis .     - Unarmed
rCold    + . .     Gourm    .   (no shield)
rNeg     + + +     Faith    .   k - +0 leather armour
rPois    ∞         Spirit   .   (no helmet)
rElec    .         Reflect  .   (no cloak)
rCorr    .         Harm     .   (no gloves)
MR       .....                  (no boots)
Stlth    ++........             (no amulet)
HPRegen  0.00/turn              (no ring)
MPRegen  0.08/turn              (no ring)

@: mighty, rotting
A: rotting body, claws 1, carnivore, cold resistance 1, negative energy
resistance 3, inhibited regeneration, torment resistance, unbreathing
a: no special abilities


You were on level 3 of the Dungeon.
You were not hungry.

You visited 1 branch of the dungeon, and saw 3 of its levels.

You collected 159 gold pieces.

Inventory:

Hand Weapons
 s - a +4 dagger
Armour
 k - a +0 leather armour (worn)
Jewellery
 l - an uncursed ring of protection from fire {unknown}
Scrolls
 a - a scroll of enchant weapon {unknown}
 c - 4 scrolls of identify {unknown}
 d - 2 scrolls of fear {unknown}
 e - 3 scrolls of remove curse {unknown}
 g - a scroll of fog {unknown}
 n - a scroll of teleportation {unknown}
 o - 3 scrolls of amnesia {unknown}
Potions
 f - a potion of might
 h - a potion of cancellation {unknown}
 i - a potion of heal wounds {unknown}
 j - a potion of brilliance {unknown}
 m - a potion of lignification {unknown}
 p - a potion of mutation {unknown}
 q - a potion of flight {unknown}
 t - a potion of curing {unknown}
Comestibles
 b - 7 rations


   Skills:
 + Level 3.8 Fighting
 + Level 0.5 Armour
 + Level 3.4 Dodging
 - Level 2.1 Stealth
 + Level 4.9 Unarmed Combat


You had 3 spell levels left.
You didn't know any spells.
Your spell library was empty.

Dungeon Overview and Level Annotations

Branches:
Dungeon (3/15)

Altars:
Qazlal
Ru
Trog
Wu Jian


Innate Abilities, Weirdness & Mutations

Your body is rotting away.
You thrive on raw meat.
You are immune to poison.
You have sharp fingernails.
You are carnivorous and can eat meat at any time.
Your flesh is cold resistant. (rC+)
You are immune to negative energy. (rN+++)
You do not regenerate when monsters are visible.
You are immune to unholy pain and torment.
You can survive without breathing.


Message History

You are too injured to fight recklessly!
Eat one of 2 chunks of flesh? (ye/n/q)
You eat one of the 2 chunks of flesh.
This raw flesh tastes great!
The centaur shoots an arrow.
The arrow hits you!
* * * LOW HITPOINT WARNING * * *
Eat a chunk of flesh? (ye/n/q)
Okay, then.
It was a potion of might.
You feel very mighty all of a sudden.
The centaur shoots an arrow.
The arrow hits you!
* * * LOW HITPOINT WARNING * * *
The centaur shoots an arrow.
The arrow misses you.
The centaur unwields a +4 shortbow.
The centaur hits you.
* * * LOW HITPOINT WARNING * * *
Okay, then.
Eat a chunk of flesh? (ye/n/q)
You eat the chunk of flesh.
This raw flesh tastes great!
The centaur hits you.
* * * LOW HITPOINT WARNING * * *
The centaur hits you.
You die...

#.##.# #...........##
#.##.######....###......
#####.##........#.##
##...#.
##...^.###########.#
##.##. #........(...#
#.# ####. #....≈≈≈((...#
#.# #. #.....≈≈≈≈(..# ##
## #...###≈≈#≈..#
#...#≈≈≈≈#..@#
#...#≈>_≈.≈≈c#
#..≈≈≈8.≈'...#
.≈#≈≈≈≈#≈≈.#
.≈###≈#≈≈≈.# ...≈≈≈≈.#
≈..≈.≈..# ........


You could see a centaur.

Vanquished Creatures
  An orc priest (D:3)
  3 adders
  4 dart slugs (D:1)
  2 leopard geckos
  2 orcs (D:3)
  A ball python (D:3)
  4 bats
  A giant cockroach (D:2)
  4 goblins
  7 hobgoblins
  2 jackals (D:3)
  5 kobolds
  2 frilled lizards
  4 rats
42 creatures vanquished.

Notes
Turn   | Place    | Note
-------+----------+-------------------------------------------
     0 | D:1      | Aske the Ghoul Monk began the quest for the Orb.
     0 | D:1      | Reached XP level 1. HP: 19/19 MP: 0/0
    59 | D:1      | Reached XP level 2. HP: 11/26 MP: 1/1
   417 | D:1      | Reached XP level 3. HP: 31/33 MP: 2/2
   726 | D:2      | Reached skill level 4 in Unarmed Combat
   767 | D:2      | Found a faded altar of an unknown god.
   904 | D:2      | Found a sacrificial altar of Ru.
   905 | D:2      | Found an ornate altar of the Wu Jian Council.
  1031 | D:2      | Reached XP level 4. HP: 37/38 MP: 3/3
  1493 | D:3      | Found a bloodstained altar of Trog.
  1599 | D:3      | Found a stormy altar of Qazlal.
  1601 | D:3      | Noticed a centaur
  1606 | D:3      | HP: 2/40 [centaur/arrow (8)]
  1609 | D:3      | Slain by a centaur

Skill      XL: |  1  2  3 |
---------------+----------+-----
Dodging        | 3 |  3.4
Unarmed Combat | 4 |  4.9
Fighting       | |  3.8
Armour         | |  0.5
Stealth        | |  2.1

Action                   |  1- 3 |  4- 6 || total
-------------------------+-------+-------++-------
Melee: Unarmed           |    74 |    40 ||   114
       Punch             |     1 |       ||     1
  Use: Potion            |       |     1 ||     1
 Stab: Sleeping          |     4 |     2 ||     6
  Eat: Chunk             |     2 |     5 ||     7
Armor: Robe              |    10 |       ||    10
       Leather armour    |     7 |     6 ||    13
Dodge: Dodged            |    44 |    21 ||    65
